 Seeded DCSS version 0.29.1-15-g9cfb28693d (webtiles) character file.

Game seed: 7844915666315496555 (custom seed)

94 Mickster the Trooper (level 4, -2/49 HPs)
             Began as an Ogre Berserker on Mar 6, 2023.
             Was a Believer of Trog.
             Slain by Sigmund
             ... wielding a +0 scythe
              (6 damage)
             ... on level 3 of the Dungeon.
             The game lasted 00:24:12 (2826 turns).

Mickster the Trooper (Ogre Berserker)               Turns: 2826, Time: 00:24:12

Health: -2/49      AC:  5    Str: 22 (23) XL:     4   Next: 63%
Magic:  4/4        EV: 10    Int:  6 (8)  God:    Trog [**....]
Gold:   218        SH:  0    Dex:  7 (8)  Spells: 3/3 levels left

rFire   . . .      SeeInvis .   d - +0 dagger (elec)
rCold   . . .      Faith    .   (no shield)
rNeg    + . .      Spirit   .   b - +1 animal skin
rPois   +          Reflect  .   (helmet restricted)
rElec   .          Harm     .   k - +0 cloak
rCorr   .          Rampage  .   (gloves unavailable)
Will    .....                   (boots unavailable)
Stlth   +.........              (no amulet)
HPRegen 0.16/turn               c - ring of positive energy
MPRegen 0.09/turn               i - ring of poison resistance

@: confused
A: large, unfitting armour, tough skin 1, wild magic 1
a: Renounce Religion, Berserk, Trog's Hand


You were on level 3 of the Dungeon.
You worshipped Trog.
Trog was pleased with you.
You visited 1 branch of the dungeon, and saw 3 of its levels.

You collected 218 gold pieces.

Inventory:

Hand Weapons
 a - a +0 hand axe
 d - a +0 dagger of electrocution (weapon)
 h - a +0 sling
 j - the +2 whip of Havoc {protect, rElec}
   (You found it on level 2 of the Dungeon)

   It grants its wielder temporary protection when it strikes (+7 to AC).
   rElec:     It insulates you from electricity.
 m - a +0 glaive
Missiles
 e - 9 poisoned darts (quivered)
 f - 10 stones
Armour
 b - a +1 animal skin (worn)
 k - a +0 cloak (worn)
Jewellery
 c - a ring of positive energy (left hand)
 i - a ring of poison resistance (right hand)
Scrolls
 g - 2 scrolls of teleportation


   Skills:
 + Level 4.9 Fighting
 * Level 1.7 Short Blades
 - Level 3.2 Axes
 - Level 0.2(1.7) Maces & Flails
 + Level 3.5 Dodging
 + Level 0.1 Stealth


You had 3 spell levels left.
You didn't know any spells.
Your spell library contained the following spells:

 Spells                   Type           Power      Damage    Failure   Level
 Ensorcelled Hibernation  Hex/Ice        0%         N/A       67%         2
 Static Discharge         Conj/Air       0%         3-3/arc   67%         2
 Spider Form              Tmut/Pois      0%         N/A       88%         3
 Anguish                  Hex/Necr       0%         N/A       99%         4
 Cause Fear               Hex            0%         N/A       99%         4
 Lightning Bolt           Conj/Air       0%         1d11      100%        5
 Dragon Form              Tmut           0%         N/A       100%        7
 Maxwell's Capacitive Co  Air            0%         ∞         100%        8
 Dragon's Call            Summ           0%         N/A       100%        9


Dungeon Overview and Level Annotations

Branches:
Dungeon (3/15)

Altars:
Qazlal

Shops:
D:2 [   D:3 [

Annotations:
D:3 Sigmund


Innate Abilities, Weirdness & Mutations

You are too large for most types of armour.
You have tough skin. (AC +1)
Your spells are a little harder to cast, but a little more powerful.


Message History

The magic dart hits you.
You bump into the rock wall.
Sigmund hits you with a +0 scythe!
You're too confused to move!
Sigmund closely misses you.
You barely miss Sigmund. You closely miss Sigmund.
Sigmund hits you with a +0 scythe.
You're too confused to move!
Sigmund gestures at you while chanting.
You are more confused.
You hit Sigmund but do no damage.
Sigmund says, "Your kind have come here before.
I understand now why.
You desire death..."
Sigmund hits you with a +0 scythe.
You bump into the rock wall.
You bump into the rock wall.
Sigmund closely misses you.
You bump into the rock wall.
Sigmund gestures at you while chanting.
You are more confused.
You bump into the rock wall.
Sigmund hits you with a +0 scythe.
* * * LOW HITPOINT WARNING * * *
You bump into the rock wall.
You hit Sigmund but do no damage. Sigmund hits you but does no damage.
Sigmund points at you and mumbles some strange words.
The magic dart hits you.
* * * LOW HITPOINT WARNING * * *
You bump into the rock wall.
Sigmund gestures wildly while chanting.
Sigmund flickers and vanishes!
Deactivating autopickup; reactivate with Ctrl-A.
You bump into the rock wall.
Something completely misses you.
You bump into the rock wall.
You bump into the rock wall.
You feel less confused. Something hits you!
* * * LOW HITPOINT WARNING * * *
Something hits you but does no damage.
You barely miss something. You barely miss something.
You hear some strange, mumbled words.
You are confused.
Something hits you.
You die...

## .#
#########.######
#......@.{......
######.##############
#........#
#.####.#.###
#..........#
#..#.#.#.#.###
##............ ...
#.#.#.#.#.### ...
#.........######..##


There were no monsters in sight!

Vanquished Creatures
  3 adders
  A worm (D:2)
  3 dart slugs
  An orc (D:3)
  2 ball pythons
  2 bats (D:2)
  4 endoplasms
  4 giant cockroaches
  5 goblins
  2 hobgoblins (D:3)
  13 jackals
  5 kobolds
  2 quokkas
  2 frilled lizards (D:3)
  A rat (D:3)
  A bush (D:2)
51 creatures vanquished.

Vanquished Creatures (others)
  6 plants (D:2)
6 creatures vanquished.

Grand Total: 57 creatures vanquished

Notes
Turn   | Place    | Note
-------+----------+-------------------------------------------
     0 | D:1      | Mickster the Ogre Berserker began the quest for the Orb.
     0 | D:1      | Reached XP level 1. HP: 24/24 MP: 1/1
   376 | D:1      | Reached XP level 2. HP: 25/32 MP: 2/2
   727 | D:1      | Found a faded altar of an unknown god.
  1165 | D:2      | Reached XP level 3. HP: 38/40 MP: 3/3
  1238 | D:2      | Reached skill level 1 in Short Blades
  1435 | D:2      | Found Fizus's Armour Shoppe.
  1513 | D:2      | Gained mutation: Your spells are a little harder to cast,
                  | but a little more powerful. [potion of mutation]
  1765 | D:2      | Reached ** piety under Trog
  1771 | D:2      | Identified the +2 whip of Havoc {protect, rElec}
  1868 | D:2      | Reached XP level 4. HP: 27/49 MP: 4/4
  2746 | D:3      | Found Serek's Armour Shop.
  2753 | D:3      | Found a stormy altar of Qazlal.
  2796 | D:3      | Noticed Sigmund
  2826 | D:3      | Slain by Sigmund

Illustrated notes

Levels and vault maps discovered:
D:1:      minmay_arrival_wavy_path, layout_rooms,
          hellmonk_ecumenical_altar_dog_temple, minmay_pentomino_x2
D:2:      layout_loops_ring, serial_forest, infiniplex_forest_lined_room_3,
          infiniplex_forest_end_2, infiniplex_forest_clump_C,
          infiniplex_forest_diagonal, infiniplex_forest_end_2,
          infiniplex_forest_side_room, infiniplex_forest_straight_4,
          serial_shops, shop_coins, corexii_leaking_fountain,
          kennysheep_generic_room_5
D:3:      layout_basic, mainiacjoe_overflow_small_starburst, serial_shops, shop,
          serial_glass, glass_columns_c, glass_columns_b, glass_columns_a,
          glass_columns_a, minmay_strange_pillars, hangedman_decor_growths,
          uniq_sigmund

Skill      XL: |  1  2  3 |
---------------+----------+-----
Dodging        | 3 |  3.5
Short Blades   | 1 |  1.7
Fighting       | |  4.9
Axes           | |  3.2
Maces & Flails | |  0.2
Stealth        | |  0.1

Action                   |  1- 3 |  4- 6 || total
-------------------------+-------+-------++-------
Melee: Hand axe          |    19 |       ||    19
       Dagger            |   119 |   117 ||   236
       Whip              |    16 |     2 ||    18
  Use: Scroll            |     7 |     2 ||     9
       Potion            |     3 |     2 ||     5
Armor: Animal skin       |    40 |    39 ||    79
Dodge: Dodged            |    88 |    60 ||   148
